 Dungeon Crawl Stone Soup version 0.30.1-11-g7821555f0a (webtiles) character file.

Game seed: 9758408550191048469

3 AAAAAHH the Sneak (level 1, -1/17 HPs)
             Began as a Vampire Delver on Jan 14, 2024.
             Was an Initiate of Gozag.
             Slain by a scorpion (7 damage)
             ... on level 5 of the Dungeon.
             The game lasted 00:02:49 (288 turns).

AAAAAHH the Sneak (Vampire Delver)                   Turns: 288, Time: 00:02:51

Health: -1/17      AC:  3    Str:  8    XL:     1   Next: 41%
Magic:  1/1        EV: 12    Int: 14    God:    Gozag
Gold:   27         SH:  0    Dex: 15    Spells: 0/0 levels left

rFire   . . .        h - +1 dagger of Compulsion {spect, rElec Will+++ Str-3 Int+2}
rCold   . . .        (no shield)
rNeg    . . .        b - +0 leather armour
rPois   .            (no helmet)
rElec   +            (no cloak)
rCorr   .            (no gloves)
SInv    +            (no boots)
Will    +++..        k - amulet of magic regeneration
Stlth   +++          (no ring)
HPRegen 0.42/turn    (no ring)
MPRegen 0.47/turn

%: no passive effects
@: healing quickly
A: alive, fangs 3, see invisible, vampiric 1
a: Exsanguinate, Renounce Religion, Potion Petition, Call Merchant, Bribe Branch


You were on level 5 of the Dungeon.
You worshipped Gozag.
Gozag was noncommittal.
You visited 2 branches of the dungeon, and saw 2 of its levels.

You collected 39 gold pieces.
You paid 12 gold pieces to Gozag.

Inventory:

Hand Weapons
 a - a +0 mace
 h - the +1 dagger of Compulsion (weapon) {spect, rElec Will+++ Str-3 Int+2}
   (You found it on level 5 of the Dungeon)

   Str:       It affects your strength (-3).
   Int:       It affects your intelligence (+2).
   rElec:     It insulates you from electricity.
   Will:      It greatly increases your willpower.
Armour
 b - a +0 leather armour (worn)
Jewellery
 k - an amulet of magic regeneration (around neck)
Wands
 g - a wand of digging (3)
Scrolls
 c - a scroll of fog
 d - a scroll of magic mapping
Potions
 f - a potion of haste
 i - a potion of attraction {unknown}
 j - a potion of flight {unknown}


   Skills:
 + Level 2.7 Fighting
 + Level 1.5 Maces & Flails
 + Level 2.2 Dodging
 + Level 7.4 Stealth


You couldn't memorise any spells.
You didn't know any spells.
Your spell library was empty.

Dungeon Overview and Level Annotations

Branches:
Dungeon (5/15)             Temple (1/1) D:5

Altars:
Cheibriados
Gozag
Kikubaaqudgha
Makhleb
Trog
Uskayaw
Vehumet


Innate Abilities, Weirdness & Mutations

Your natural rate of healing is accelerated.
You have razor-sharp teeth.
You have supernaturally acute eyesight. (SInv)
You are afflicted with vampirism.


Message History

An orc comes into view. It is wielding a +0 mace.
Found a long sword.
There is an open door here.
You start putting on your amulet.
You continue putting on your amulet of magic regeneration. x5
The orc wizard shouts!
The orc shouts! x2
You finish putting on your amulet of magic regeneration.
k - an amulet of magic regeneration (around neck)
As you read the scroll of fear, it crumbles to dust.
You assume a fearsome visage.
The orc looks frightened!
The orc wizard looks frightened!
The orc looks frightened!
The orc wizard mumbles some strange words.
The orc wizard flickers and vanishes for a moment.
You close the door.
You start waiting.
Something unseen opens the door.
Found a stone staircase leading down.
A hound and a scorpion come into view.
The scorpion barely misses you.
You barely miss the scorpion.
Your +1 dagger of Compulsion {spect, rElec Will+++ Str-3 Int+2} hits the scorpion but does no damage.
The scorpion barely misses you.
Your +1 dagger of Compulsion {spect, rElec Will+++ Str-3 Int+2} disappears.
The scorpion stings you. The scorpion attacks as you move away!
The scorpion stings you.
You completely miss the scorpion.
You bite the scorpion, but do no damage.
Your +1 dagger of Compulsion {spect, rElec Will+++ Str-3 Int+2} hits the scorpion.
The scorpion stings you!
* * * LOW HITPOINT WARNING * * *
You hit the scorpion.
The scorpion is lightly wounded.
Your +1 dagger of Compulsion {spect, rElec Will+++ Str-3 Int+2} hits the scorpion but does no damage.
The scorpion barely misses you.
You hit the scorpion.
The scorpion is moderately wounded.
Your +1 dagger of Compulsion {spect, rElec Will+++ Str-3 Int+2} closely misses the scorpion.
The scorpion stings you!
You die...
Your body crumbles into a pile of gold.

######## #......#
##### #......# ...#
#......#
##.#.##.#####......#
..............s@>..#
##.#.##.#...#.(....#
#.#...##...###
#.#...##...#
#.#...####.# #h#.###
#.# #.#.# #.# #.#.#
#.###############
#................


You could see a scorpion and a friendly +1 dagger of Compulsion {spect, rElec
Will+++ Str-3 Int+2}.

Vanquished Creatures
  A worm (D:5)
1 creature vanquished.

Notes
Turn   | Place    | Note
-------+----------+-------------------------------------------
     0 | D:5      | AAAAAHH the Vampire Delver began the quest for the Orb.
     0 | D:5      | Reached XP level 1. HP: 17/17 MP: 1/1
     4 | D:5      | Found a staircase to the Ecumenical Temple.
     4 | D:5      | Identified the +1 dagger of Compulsion {spect, rElec
                  | Will+++ Str-3 Int+2}
    54 | Temple   | Entered the Ecumenical Temple
   103 | Temple   | Became a worshipper of Gozag Ym Sagoz the Greedy
   140 | D:5      | Noticed an orc wizard
   275 | D:5      | Noticed a hound
   275 | D:5      | Noticed a scorpion
   288 | D:5      | Slain by a scorpion

Illustrated notes

Levels and vault maps discovered:
D:5:      layout_basic, mainiacjoe_overflow_boulevard, minmay_temple_entry_tees,
          nrook_loot_triangle, uniq_pikel
Temple:   nicolae_temple_ecumenical_triangle

Action                     || total
---------------------------++-------
  Melee: Dagger            ||     5
         Bite              ||     1
    Use: Scroll            ||     1
   Stab: Sleeping          ||     1
  Dodge: Dodged            ||     3
